 Dungeon Crawl Stone Soup version 0.29-a0-416-g83a48905f1 (webtiles) character file.

Game seed: 1961710938446493806

884 Hubjo the Magician (level 7, -5/42 HPs)
             Began as a Deep Elf Fire Elementalist on May 16, 2022.
             Was a Follower of Ashenzari.
             Slain by a wyvern (16 damage)
             ... on level 5 of the Dungeon.
             The game lasted 00:11:50 (7194 turns).

Hubjo the Magician (Deep Elf Fire Elementalist)     Turns: 7194, Time: 00:11:54

Health: -5/42      AC:  2    Str:  5    XL:     7   Next: 76%
Magic:  13/17      EV: 13    Int: 26    God:    Ashenzari [*.....]
Gold:   180        SH:  0    Dex: 21    Spells: 6/17 levels left

rFire   . . .      SeeInvis .   q - +9 war axe "Astrological Mistrust" {vorpal, rN+ Int+4, Comp, Bglg} (curse)
rCold   . . .      Faith    .   (no shield)
rNeg    + . .      Spirit   .   a - +0 robe
rPois   .          Reflect  .   (no helmet)
rElec   .          Harm     .   (no cloak)
rCorr   .          Rampage  .   (no gloves)
Will    .....                   (no boots)
Stlth   +++.......              (no amulet)
HPRegen 0.14/turn               f - ring "Gaze Upon Infinity" {Dex+6, Alch, Elem} (curse)
MPRegen 0.15/turn               (no ring)

@: no status effects
A: no striking features
a: Renounce Religion, Shatter the Chains


You were on level 5 of the Dungeon.
You worshipped Ashenzari.
Ashenzari was aware of your devotion.
You visited 1 branch of the dungeon, and saw 5 of its levels.
You also visited: Sewer.

You collected 180 gold pieces.

Inventory:

Hand Weapons
 j - a +4 short sword of speed
 q - the cursed +9 war axe "Astrological Mistrust" (weapon) {vorpal, rN+ Int+4, Comp, Bglg}
   (You found it on level 3 of the Dungeon)

   It inflicts extra damage upon your enemies.
   Int:       It affects your intelligence (+4).
   rN:        It protects you from negative energy.
   It has a curse which improves the following skills: Companions: Summonings
   and Necromancy.
   Beguiling: Conjurations, Hexes and Translocations.
Missiles
 h - a throwing net
Armour
 a - a +0 robe (worn)
Jewellery
 f - the cursed ring "Gaze Upon Infinity" (left hand) {Dex+6, Alch, Elem}
   (You found it on level 1 of the Dungeon)

   [ring of dexterity]

   Dex:       It affects your dexterity (+6).
   It has a curse which improves the following skills: Alchemy: Poison Magic and
   Transmutations.
   Elements:  Fire Magic, Ice Magic, Air Magic and Earth Magic.
 t - a ring of poison resistance
Wands
 m - a wand of flame (28)
Scrolls
 g - 5 scrolls of identify
 i - 3 scrolls of teleportation
 l - a scroll of vulnerability
 n - 3 scrolls of magic mapping
 o - a scroll of immolation
 v - a scroll of fog
Potions
 b - a potion of magic
 c - a potion of mutation
 d - 2 potions of lignification
 e - a potion of flight
 k - a potion of berserk rage
 p - a potion of attraction
 r - a potion of brilliance
 s - 2 potions of invisibility
 u - a potion of curing


   Skills:
 + Level 3.9 Fighting
 - Level 2.4 Dodging
 + Level 5.6 Stealth
 + Level 5.9 Spellcasting
 - Level 1.1(1.6) Conjurations
 * Level 2.2(2.9) Necromancy
 - Level 5.6(6.5) Fire Magic


You had 6 spell levels left.
You knew the following spells:

 Your Spells              Type           Power      Damage    Failure   Level
a - Foxfire               Conj/Fire      100%       2x1d9     1%          1
b - Flame Wave            Conj/Fire      28%        2d8       13%         4
c - Simulacrum            Ice/Necr       7%         N/A       99%         6

Your spell library contained the following spells:

 Spells                   Type           Power      Damage    Failure   Level
 Scorch                   Fire           82%        2d9       1%          2
 Conjure Flame            Conj/Fire      28%        6-21      4%          3
 Inner Flame              Hex/Fire       24%        N/A       5%          3
 Sandblast                Erth           16%        2d6       7%          1
 Summon Small Mammal      Summ           32%        N/A       7%          1
 Static Discharge         Conj/Air       12%        N/A       8%          2
 Passwall                 Tmut/Erth      6%         N/A       10%         2
 Sticky Flame             Conj/Fire      28%        2d5       13%         4
 Dazzling Flash           Conj/Hex       24%        N/A       14%         3
 Stone Arrow              Conj/Erth      24%        3d8       14%         3
 Call Canine Familiar     Summ           8%         N/A       21%         3
 Summon Guardian Golem    Hex/Summ       8%         N/A       21%         3
 Dispel Undead            Necr           23%        3d12      21%         4
 Hailstorm                Conj/Ice       12%        3d5       43%         4
 Agony                    Necr           23%        N/A       50%         5
 Animate Armour           Summ/Erth      16%        N/A       54%         4
 Irradiate                Conj/Tmut      6%         3d15      80%         5
 Lehudib's Crystal Spear  Conj/Erth      6%         10d3      100%        8
 Necromutation            Tmut/Necr      7%         N/A       100%        8


Dungeon Overview and Level Annotations

Branches:
Dungeon (5/15)              Sewer (visited)
 Temple: D:4-7

Altars:
Ashenzari
Ru

Shops:
D:1 (


Message History

A wyvern is nearby!
A wyvern is nearby!
A wyvern is nearby!
You conjure some foxfire!
The wyvern hisses angrily.
You hear a shout!
An orc comes into view. It is wielding a +0 dagger.
You conjure some foxfire!
There is not enough space to conjure foxfire!
There is not enough space to conjure foxfire!
There is not enough space to conjure foxfire!
Your foxfire dissipates!
The foxfire hits the wyvern but does no damage.
The foxfire hits the wyvern.
The wyvern is lightly wounded.
The foxfire hits the wyvern but does no damage.
The wyvern is lightly wounded.
You conjure some foxfire!
The wyvern bites you!
You conjure some foxfire!
The foxfire hits the wyvern but does no damage.
The wyvern is lightly wounded.
The foxfire hits the wyvern.
The wyvern is moderately wounded.
The wyvern bites you!
You conjure some foxfire!
The foxfire hits the wyvern.
The wyvern is moderately wounded.
The foxfire hits the wyvern.
The wyvern is heavily wounded.
The wyvern misses you. The wyvern bites you!
* * * LOW HITPOINT WARNING * * *
You are too injured to fight recklessly!
You are too injured to fight recklessly!
You are too injured to fight recklessly!
You hit the wyvern.
The wyvern is heavily wounded.
The foxfire hits the wyvern.
The wyvern is severely wounded.
The foxfire hits the wyvern.
The wyvern is almost dead.
The wyvern barely misses you. The wyvern bites you!
You die...

.########...##..........
##.####>....###.
##...####...... #.....#
##...#.. ##...## #....##
##.....#### #####
#.......#.####
..........o..#.###
........§@l.n....#
........§....#.#.....#
#.#.......#.#### .>...
####.....#### ....
##...## ... #.... n.
##... . ##.#


You could see a wyvern, a necrophage and an orc.

Vanquished Creatures
  Grinder (D:3)
  2 kobold brigands (Sewer)
  A howler monkey (D:5)
  4 orc priests
  2 iguanas (D:5)
  Ijyb (D:3)
  Natasha (thrice) (D:3)
  3 gnolls (D:5)
  8 adders
  5 worms
  A dart slug (D:1)
  10 orcs
  10 endoplasms
  3 giant cockroaches
  9 goblins
  13 hobgoblins
  A quokka (D:3)
  7 ball pythons
  10 bats
  5 frilled lizards
  17 kobolds
  9 rats
125 creatures vanquished.

Vanquished Creatures (others)
  456 foxfires
456 creatures vanquished.

Grand Total: 581 creatures vanquished

Notes
Turn   | Place    | Note
-------+----------+-------------------------------------------
     0 | D:1      | Hubjo the Deep Elf Fire Elementalist began the quest for
                  | the Orb.
     0 | D:1      | Reached XP level 1. HP: 10/10 MP: 6/6
   322 | D:1      | Reached XP level 2. HP: 10/16 MP: 4/8
   638 | D:1      | Reached skill level 1 in Fighting
   981 | D:1      | Found Nemmior's Antique Weapon Shoppe.
  1183 | D:1      | Reached XP level 3. HP: 20/20 MP: 5/9
  2717 | D:2      | Reached XP level 4. HP: 26/26 MP: 11/11
  3241 | D:3      | Noticed Natasha
  3247 | D:3      | Killed Natasha
  3354 | D:3      | Noticed Grinder
  3365 | D:3      | Killed Grinder
  3366 | D:3      | Reached XP level 5. HP: 24/32 MP: 7/14
  3366 | D:3      | Reached XP level 6. HP: 27/37 MP: 7/15
  3535 | D:3      | Noticed Ijyb
  3554 | D:3      | Killed Ijyb
  3564 | D:3      | Learned a level 4 spell: Flame Wave
  3751 | D:3      | Noticed Natasha
  3755 | D:3      | Found a broken altar of Ashenzari.
  3766 | D:3      | Killed Natasha
  4134 | D:3      | Became a worshipper of Ashenzari the Shackled
  4337 | D:3      | Identified the +9 war axe of Integrity {vorpal, rN+ Int+4}
  4568 | D:3      | Noticed Natasha
  4573 | D:3      | Killed Natasha
  4574 | D:3      | Reached skill level 5 in Spellcasting
  4855 | D:4      | Found a glowing drain.
  4872 | Sewer    | Entered a sewer
  5026 | Sewer    | Reached skill level 5 in Fire Magic
  5385 | Sewer    | Reached XP level 7. HP: 39/41 MP: 4/16
  5581 | Sewer    | Reached skill level 5 in Stealth
  6318 | D:4      | Found a sacrificial altar of Ru.
  6453 | D:4      | Reached * piety under Ashenzari
  6453 | D:4      | Identified a scroll of acquirement
  6669 | D:4      | Acquired Sif Muna's Guide on Unholy Damage Dealing
  6678 | D:4      | Learned a level 6 spell: Simulacrum
  6681 | D:5      | Entered Level 5 of the Dungeon
  6758 | D:5      | Reached skill level 1 in Necromancy
  7183 | D:5      | Noticed a wyvern
  7194 | D:5      | Slain by a wyvern

Illustrated notes

Levels and vault maps discovered:
D:1:      tarquinn_simple_flora_water_b, layout_loops_ring, serial_shops, shop,
          minmay_distorted
D:2:      layout_loops_corners
D:3:      layout_loops_ring, evilmike_ruin_ashenzari,
          kennysheep_generic_room_16, uniq_ijyb, uniq_grinder, uniq_natasha
D:4:      layout_loops_ring, lemuel_coloured_pillars_altar,
          cheibrodos_sewer_entry_sluice
D:5:      layout_rooms, nicolae_figureground_sparkle, uniq_duvessa

Skill      XL: |  1  2  3  4  5  6  7 |
---------------+----------------------+-----
Fighting       | 1 3 |  3.9
Stealth        | 3 4 5 |  5.6
Fire Magic     | 4 5 |  5.6
Spellcasting   | 4 5 |  5.9
Necromancy     | 2 |  2.2
Dodging        | |  2.4
Conjurations   | |  1.1

Action                   |  1- 3 |  4- 6 |  7- 9 || total
-------------------------+-------+-------+-------++-------
Melee: Short sword       |    25 |    48 |       ||    73
       Punch             |       |     1 |     1 ||     2
       War axe           |       |    49 |    15 ||    64
 Cast: Foxfire           |   128 |    86 |    91 ||   305
       Flame Wave        |       |       |     1 ||     1
Invok: Curse Item        |       |     1 |     1 ||     2
  Use: Potion            |       |     7 |       ||     7
       Scroll            |       |     5 |     1 ||     6
 Stab: Sleeping          |     5 |     8 |     1 ||    14
Armor: Robe              |     6 |    11 |       ||    17
       Skin              |       |     6 |       ||     6
Dodge: Dodged            |    21 |    70 |     6 ||    97

Table legend: (Time is in decaauts)
 A = Elapsed time spent in this place.
 B = Non-inter-level travel time spent in this place.
 C = Inter-level travel time spent in this place.
 D = Time resting spent in this place.
 E = Time spent auto-exploring this place.
 F = Levels seen in this place.
 G = Mean time per level.
                   A        B        C        D        E       F      G
               +--------+--------+--------+--------+--------+-----+--------+
         Total |   7271 |   7187 |     84 |      0 |   6069 |   6 | 1211.8 |
       Dungeon |   6205 |   6121 |     84 |      0 |   5236 |   5 | 1241.0 |
         Sewer |   1065 |   1065 |      0 |      0 |    832 |   1 | 1065.0 |
               +--------+--------+--------+--------+--------+-----+--------+

Top non-repeatable levels by time:
     D:1: 1999 daAuts
     D:3: 1528 daAuts
     D:2: 1161 daAuts
   Sewer: 1065 daAuts
     D:4: 1002 daAuts
     D:5: 514 daAuts
